AoeStats
← celtinhaPP2214

Arena

510631000Analyzed
1v1 RM · 1d ago on Oct 1, 2026· 47m 39s· 2 players
Game mode
Random Map
Map size
Tiny (2 player)
Population
200
Speed
Normal
Resources
Standard
Victory
Conquest
Starting age
Dark Age
Ending age
Imperial Age
RankedLock teamsTeams togetherTeam positionsShared explorationLock speedFull tech treeHidden civsTurbo modeCheats
Victory
Defeat
🇵🇹 Portuguese · Portugal
401
+15
🇦🇷 Wu · Argentina
379
-15
JulepeB77
12:14 Feudal Age
12:45 Double-Bit Axe
12:55 Gold Mining
13:02 Stone Mining
12:58 Horse Collar
21:24 Castle Age
20:09 Scale Barding Armor
20:06 Scale Mail Armor
20:20 Forging
22:04 Padded Archer Armor
22:35 Bow Saw
22:43 Husbandry
24:49 Stone Shaft Mining
26:14 Gold Shaft Mining
28:39 Chain Barding Armor
28:35 Leather Archer Armor
30:23 Heavy Plow
35:28 Imperial Age
34:25 Red Cliffs Tactics
37:44 Chemistry
37:05 Ballistics
37:28 Elite Fire Archer
39:47 Plate Barding Armor
39:02 Fletching
41:09 Heavy Hei Guang Cavalry
43:51 Sitting Tiger
celtinhaPP2214
14:25 Feudal Age
17:51 Wheelbarrow
17:00 Horse Collar
17:08 Double-Bit Axe
18:25 Stone Mining
18:26 Gold Mining
22:32 Castle Age
24:07 Fletching
24:18 Padded Archer Armor
24:37 Elite Skirmisher
25:28 Heavy Plow
25:42 Bow Saw
26:11 Stone Shaft Mining
29:06 Fortified Wall
29:17 Ballistics
30:45 Bodkin Arrow
33:26 Imperial Age
31:34 Pikeman
34:09 Scale Mail Armor
34:38 Bracer
35:42 Murder Holes
37:17 Chemistry
39:34 Leather Archer Armor
39:59 Hand Cart
44:11 Arquebus
Connection lost

Rejoining the realm…

Still unreachable

The connection could not be restored.

Session expired

The server has moved on; the page needs a fresh start.